 Dungeon Crawl Stone Soup version 0.31-a0-198-g2ad674f65e (webtiles) character file.

Game seed: 9184073003326025991

77 qw the Shooter (level 4, -3/25 HPs)
             Began as a Deep Elf Hunter on June 25, 2023.
             Killed by divine providence
             ... invoked by an orc priest
              (12 damage)
             ... on level 3 of the Dungeon.
             The game lasted 00:00:41 (1745 turns).

qw the Shooter (Deep Elf Hunter)                    Turns: 1745, Time: 00:00:41

Health: -3/25      AC:  7    Str: 10    XL:     4   Next: 13%
Magic:  6/6        EV:  9    Int: 14    God:
Gold:   98         SH:  0    Dex: 18    Spells: 3/3 levels left

rFire   . . .        Y - +2 shortbow (elec)
rCold   . . .        (shield currently unavailable)
rNeg    . . .        f - +0 scale mail
rPois   .            (no helmet)
rElec   .            g - +0 cloak {Stlth+}
rCorr   +            (no gloves)
SInv    .            (no boots)
Will    .....        (no amulet)
Stlth   ++           i - ring of resist corrosion
HPRegen 0.24/turn    (no ring)
MPRegen 0.10/turn

%: no passive effects
@: no status effects
A: no striking features
a: no special abilities


You were on level 3 of the Dungeon.
You visited 1 branch of the dungeon, and saw 3 of its levels.

You collected 98 gold pieces.


   Skills:
 - Level 1.5 Fighting
 + Level 7.5 Ranged Weapons
 - Level 2.4 Dodging
 - Level 1.2 Stealth


You had 3 spell levels left.
You didn't know any spells.
Your spell library was empty.

Inventory:

Hand Weapons
 Y - a +2 shortbow of electrocution (weapon)
Armour
 f - a +0 scale mail (worn)
 g - a +0 cloak of stealth (worn)
 h - a +0 ring mail
Jewellery
 i - a ring of resist corrosion (left hand)
Scrolls
 j - a scroll of identify
Potions
 a - a potion of lignification {unknown}
 b - a potion of enlightenment {unknown}
 c - a potion of ambrosia {unknown}
 d - a potion of cancellation {unknown}
 e - a potion of might {unknown}
 k - 2 potions of curing
 m - a potion of magic {unknown}

Dungeon Overview and Level Annotations

Branches:
Dungeon (3/15)

Altars:

Annotations:
D:3 3 runed translucent doors, qw's ghost, weakling DEHu


Message History

Lightning courses through the giant cockroach!
You kill the giant cockroach!
The bat hits you but does no damage.
You shoot an arrow. The arrow closely misses the rat.
The bat hits you. The bat closely misses you. The rat closely misses you.
The rat bites you but does no damage.
You shoot an arrow. The arrow hits the rat!
You kill the rat!
The bat hits you but does no damage. x2
You shoot an arrow. The arrow hits the bat!
Lightning courses through the bat!
You kill the bat!
The bat barely misses you.
You shoot an arrow. The arrow hits the bat.
Lightning courses through the bat!
You kill the bat!
You see here a bat corpse.
Things that are here:
a bat corpse; a rat corpse An orc priest and 3 orcs come into view.
Found a scroll labelled IRIOMU XOKY.
Enter note:
Enter note:
Enter note: You shoot an arrow.
The arrow hits the orc priest.
The orc priest shouts!
The orc priest is moderately wounded.
The orc shouts!
You hear an angry hiss.
You shoot an arrow. The orc shouts!
The arrow hits the orc priest.
The orc priest is severely wounded.
A ball python comes into view.
The orc priest mumbles some strange prayers to Beogh against you.
Pain shoots through your body!
You shoot an arrow. The arrow barely misses the orc priest.
The arrow hits the orc!
Lightning courses through the orc!
You kill the orc!
The orc hits you with a +0 short sword.
The orc priest calls down the wrath of Beogh upon you.
Beogh smites you!
You die...

# #.# #.#### ####....
## #......# ###..
#......###...#
#........#..$####
#......#.@.......
#.....#oo.##.#
###########%#####...#
.......(...%# ...#
##########....# .).#
#..#### S..# .....
...# ....... ?...
#........


You could see an orc priest, an orc and a ball python.

Vanquished Creatures
  2 adders
  An orc (D:3)
  5 endoplasms
  A giant cockroach (D:3)
  4 goblins
  2 hobgoblins (D:1)
  4 jackals (D:1)
  8 kobolds
  3 quokkas
  11 ball pythons
  7 bats
  5 frilled lizards
  5 rats
58 creatures vanquished.

Notes
Turn   | Place    | Note
-------+----------+-------------------------------------------
     0 | D:1      | qw the Deep Elf Hunter began the quest for the Orb.
     0 | D:1      | Reached XP level 1. HP: 12/12 MP: 3/3
     0 | D:1      | 0 ||| qw: Version: 0.3-a-22-g0ed2b0b
     0 | D:1      | 0 ||| qw: Game counter: 4980
     0 | D:1      | 0 ||| qw: Melee chars always use a shield: true
     0 | D:1      | 0 ||| qw: God list: Okawaru
     0 | D:1      | 0 ||| qw: Allow faded altars: false
     0 | D:1      | 0 ||| qw: Do Orc after clearing Dungeon:15 true
     0 | D:1      | 0 ||| qw: Do second Lair branch before Depths: true
     0 | D:1      | 0 ||| qw: Lair rune preference: random
     0 | D:1      | 0 ||| qw: Goals: Normal
     0 | D:1      | 0 ||| PLANNING D:1-11
   111 | D:1      | Reached XP level 2. HP: 16/16 MP: 4/4
   198 | D:1      | Reached skill level 6 in Ranged Weapons
   468 | D:1      | Reached XP level 3. HP: 20/20 MP: 5/5
   663 | D:1      | 663 ||| UPGRADING to +0 scale mail.
   673 | D:1      | 673 ||| DROPPING +0 leather armour.
   674 | D:1      | 674 ||| UPGRADING to +0 cloak of stealth.
   679 | D:1      | 679 ||| UPGRADING to ring of resist corrosion.
   680 | D:1      | 680 ||| READING scroll labelled LOS WIJOTOREM.
   681 | D:1      | 681 ||| DRINKING 2 bubbling grey potions.
   682 | D:1      | 682 ||| DROPPING scroll of butterflies.
   683 | D:1      | 683 ||| DROPPING potion of brilliance.
   912 | D:2      | Reached skill level 7 in Ranged Weapons
  1543 | D:2      | 1543 ||| READING 2 scrolls labelled TUH SEJIGY.
  1544 | D:2      | 1544 ||| READING scroll labelled XOJUAMEALU.
  1545 | D:2      | 1545 ||| READING 3 scrolls labelled WIRPHY LALLIE.
  1546 | D:2      | 1546 ||| READING scroll labelled DORROI LEOHISH.
  1547 | D:2      | 1547 ||| READING scroll labelled FECZEBL XICO.
  1548 | D:2      | 1548 ||| DRINKING 3 emerald potions.
  1549 | D:2      | 1549 ||| DROPPING scroll of fog.
  1550 | D:2      | 1550 ||| DROPPING 2 scrolls of fear.
  1614 | D:3      | 1614 ||| READING scroll of enchant weapon.
  1614 | D:3      | 1614 ||| ENCHANTING +1 shortbow of electrocution.
  1634 | D:3      | Reached XP level 4. HP: 25/25 MP: 6/6
  1671 | D:3      | Found a runed translucent gate.
  1671 | D:3      | Found a runed translucent gate.
  1672 | D:3      | Found a runed translucent gate.
  1674 | D:3      | Noticed qw's ghost (weakling DEHu)
  1745 | D:3      | Killed from afar by an orc priest

Levels and vault maps discovered:
D:1:      lemuel_arrival_broad_hall, layout_loops_ring
D:2:      layout_basic
D:3:      wad_river_or_something, layout_rooms, gammafunk_ghost_necromancy,
          nicolae_ecumenical_snake_handling

Skill      XL: |  1  2  3 |
---------------+----------+-----
Ranged Weapons | 6 7 |  7.5
Fighting       | |  1.5
Dodging        | |  2.4
Stealth        | |  1.2

Action                     |  1- 3 |  4- 6 || total
---------------------------+-------+-------++-------
   Fire: Shortbow          |   126 |    17 ||   143
    Use: Scroll            |     7 |       ||     7
         Potion            |     2 |       ||     2
 Armour: Leather armour    |     7 |       ||     7
         Scale mail        |    19 |     7 ||    26
  Dodge: Dodged            |    22 |     8 ||    30

Table legend:
 A = Non-vault XP
 B = Vault XP
 C = Vault XP percentage of total XP
 D = Non-vault monster count
 E = Vault monster count
 F = Vault count percentage of total count
                 A         B        C        D         E       F
            +---------+---------+-------+---------+---------+-------
      Total |     112 |       1 |   0.9 |      57 |       1 |   1.7
            +---------+---------+-------+---------+---------+-------
        D:1 |      43 |       0 |   0.0 |      27 |       0 |   0.0
        D:2 |      38 |       0 |   0.0 |      19 |       0 |   0.0
        D:3 |      31 |       1 |   3.1 |      11 |       1 |   8.3
            +---------+---------+-------+---------+---------+-------
